 Dungeon Crawl Stone Soup version 0.29-a0-8-g0446c0dae4 (webtiles) character file.

Game seed: 11081834740153703138

2 innerfire433 the Caller (level 1, -1/15 HPs)
             Began as a Naga Summoner on Jan 27, 2022.
             Slain by a jackal (2 damage)
             ... on level 1 of the Dungeon.
             The game lasted 00:01:30 (399 turns).

innerfire433 the Caller (Naga Summoner)              Turns: 399, Time: 00:01:31

Health: -1/15      AC:  1    Str: 10    XL:     1   Next: 30%
Magic:  1/3        EV:  9    Int: 15    God:
Gold:   12         SH:  0    Dex: 11    Spells: 3/4 levels left

rFire   + . .      SeeInvis +   e - +0 mace
rCold   . . .      Faith    .   (no shield)
rNeg    . . .      Spirit   .   a - +0 robe
rPois   +          Reflect  .   (no helmet)
rElec   .          Harm     .   (no cloak)
rCorr   .          Rampage  .   (no gloves)
Will    .....                   (no barding)
Stlth   ++........              (no amulet)
HPRegen 0.05/turn               d - ring of protection from fire
MPRegen 0.08/turn               (no ring)

@: very slow
A: AC +0, large, see invisible, deformed body, poison resistance, slowness 2,
spit poison 1, naga tail 1
a: Spit Poison


You were on level 1 of the Dungeon.
You visited 1 branch of the dungeon, and saw 1 of its levels.

You collected 12 gold pieces.

Inventory:

Hand Weapons
 e - a +0 mace (weapon)
Armour
 a - a +0 robe (worn)
 b - a +0 chain mail
Jewellery
 d - a ring of protection from fire (left hand)
Potions
 c - a potion of curing {unknown}


   Skills:
 * Level 0.0 Maces & Flails
 - Level 1.5 Dodging
 - Level 3.0 Stealth
 + Level 2.0 Spellcasting
 + Level 4.0 Summonings


You had 3 spell levels left.
You knew the following spells:

 Your Spells              Type           Power      Damage    Failure   Level
a - Summon Small Mammal   Summ           52%        N/A       4%          1

Your spell library contained the following spells:

 Spells                   Type           Power      Damage    Failure   Level
 Call Imp                 Summ           13%        N/A       6%          2
 Call Canine Familiar     Summ           13%        N/A       13%         3
 Summon Guardian Golem    Hex/Summ       7%         N/A       28%         3
 Summon Lightning Spire   Summ/Air       7%         N/A       67%         4


Dungeon Overview and Level Annotations

Branches:
Dungeon (1/15)

Altars:


Innate Abilities, Weirdness & Mutations

Your serpentine skin is tough. (AC +0)
You have supernaturally acute eyesight. (SInv)
Armour fits poorly on your strangely shaped body.
Your system is resistant to poisons. (rPois)
You cover ground very slowly.
You can spit poison.
You have a snake-like lower body.


Message History

You see here a +0 mace.
e - a +0 mace
e - a +0 mace (weapon)
A jackal is nearby!
A jackal comes into view.
You see here a +1 dagger of venom.
Found a stone staircase leading down.
The helpless jackal fails to defend itself.
You hit the jackal.
The jackal is heavily wounded.
The jackal bites you. x2
You closely miss the jackal. The jackal bites you.
The jackal closely misses you.
You hit the jackal but do no damage. The jackal bites you.
You closely miss the jackal. The jackal bites you.
The jackal barely misses you.
You are too injured to fight recklessly!
The jackal closely misses you.
The jackal barks!
The jackal bites you.
* * * LOW HITPOINT WARNING * * *
You see here a +1 dagger of venom.
Casting: Summon Small Mammal (safe; 4% risk of failure)
Confirm with . or Enter, or press ? or * to list all spells.
The jackal barely misses you. The jackal bites you.
* * * LOW HITPOINT WARNING * * *
Your rat misses the jackal. The jackal bites you.
* * * LOW HITPOINT WARNING * * *
Casting: Summon Small Mammal (safe; 4% risk of failure)
Confirm with . or Enter, or press ? or * to list all spells.
Your rat closely misses the jackal.
The jackal bites your rat but does no damage.
Your rat bites the jackal.
Your rat closely misses the jackal.
The jackal barely misses you.
The jackal bites you but does no damage.
Your rat bites the jackal.
A goblin comes into view. It is wielding a +0 dagger.
The jackal bites you.
You die...

..........#####...##
####.# #####.#####
##+## #.# #.# #.#
#.# #.# #.# #.# #.#
##.## #.# #.#
#####...###### #.#
#.#####.##.........#
#.#
#........#....####.#
#######.....@.......
####.#h###g#.# #.#h#
.. #.#.###.#.#
#####.rr.......
.......)###.#.#
#######.##>....
#...# #.?....#


You could see 2 jackals, a goblin (wandering) and 2 friendly rats.

Vanquished Creatures (collateral kills)
  A hobgoblin (D:1)
  A ball python (D:1)
2 creatures vanquished.

Notes
Turn   | Place    | Note
-------+----------+-------------------------------------------
     0 | D:1      | innerfire433 the Naga Summoner began the quest for the Orb.
     0 | D:1      | Reached XP level 1. HP: 15/15 MP: 3/3
   399 | D:1      | Slain by a jackal

Illustrated notes

Levels and vault maps discovered:
D:1:      kilobyte_arrival_exit_the_forest, layout_loops_corners, st_stairs_8

Action                   || total
-------------------------++-------
Melee: Mace              ||     4
       Unarmed           ||     2
 Cast: Summon Small Mamm ||     6
 Stab: Sleeping          ||     1
Armor: Robe              ||     1
Dodge: Dodged            ||     8

Table legend: (Time is in decaauts)
 A = Elapsed time spent in this place.
 B = Non-inter-level travel time spent in this place.
 C = Inter-level travel time spent in this place.
 D = Time resting spent in this place.
 E = Time spent auto-exploring this place.
 F = Levels seen in this place.
 G = Mean time per level.
                   A        B        C        D        E       F      G
               +--------+--------+--------+--------+--------+-----+--------+
         Total |    476 |    476 |      0 |      0 |    397 |   1 |  476.0 |
       Dungeon |    476 |    476 |      0 |      0 |    397 |   1 |  476.0 |
               +--------+--------+--------+--------+--------+-----+--------+

Top non-repeatable levels by time:
     D:1: 476 daAuts
